 Dungeon Crawl Stone Soup version 0.20.0-10-g0535bb4 (webtiles) character file.

157 tsouns the Ogre Mage (level 5, -2/49 HPs)
             Began as an Ogre Venom Mage on June 3, 2017.
             Slain by an orc priest
             ... wielding a +0 hand axe
              (4 damage)
             ... on level 6 of the Dungeon.
             The game lasted 00:10:06 (2589 turns).

tsouns the Ogre Mage (Ogre Venom Mage)              Turns: 2589, Time: 00:10:06

Health: -2/49      AC:  3    Str: 12    XL:     5   Next: 38%
Magic:  6/9        EV: 15    Int: 17    God:
Gold:   96         SH:  0    Dex: 14    Spells: 7/10 levels left

rFire    . . .     SeeInvis .   f - +0 flail
rCold    . . .     Gourm    .   (no shield)
rNeg     . . .     Faith    .   a - +0 robe
rPois    .         Spirit   .   (helmet restricted)
rElec    .         Reflect  .   (no cloak)
rCorr    .         Harm     .   (gloves unavailable)
MR       .....                  (boots unavailable)
Stlth    ++........             (no amulet)
Regen    0.2/turn               (no ring)
MPRegen  0.2/turn               (no ring)

@: confused, agile, slowed, very slow
A: unfitting armour, talons 1, tough skin 1, no potion heal 1
a: no special abilities


You were on level 6 of the Dungeon.
You were hungry.

You visited 1 branch of the dungeon, and saw 4 of its levels.

You collected 96 gold pieces.

Inventory:

Hand Weapons
 e - a +0 mace
 f - a +0 flail (weapon)
Missiles
 i - 52 stones (quivered)
 m - 6 needles of sleeping
Armour
 a - a +0 robe (worn)
Scrolls
 k - a scroll of remove curse
Potions
 d - a potion of lignification
Books
 b - a Young Poisoner's Handbook

   Spells                             Type                      Level
   a - Sting                          Conjuration/Poison           1
   b - Poisonous Vapours              Poison/Air                   2
   c - Mephitic Cloud                 Conjuration/Poison/Air       3
   d - Olgreb's Toxic Radiance        Poison                       4
   e - Venom Bolt                     Conjuration/Poison           5
Comestibles
 c - 3 bread rations
 g - 6 chunks of flesh
 h - a meat ration
 j - a royal jelly


   Skills:
 + Level 2.2 Fighting
 + Level 2.0 Maces & Flails
 - Level 1.7 Dodging
 - Level 1.4 Stealth
 - Level 3.2 Spellcasting
 - Level 1.5 Conjurations
 + Level 1.5 Air Magic
 - Level 3.2 Poison Magic


You had 7 spell levels left.
You knew the following spells:

 Your Spells              Type           Power        Failure   Level  Hunger
a - Sting                 Conj/Pois      ##..         6%          1    None
b - Poisonous Vapours     Pois/Air       ##....       10%         2    ##.....


Dungeon Overview and Level Annotations

Branches:
Dungeon (3/15)

Altars:
Kikubaaqudgha

Annotations:
D:3 Grinder
D:6 Sigmund


Innate Abilities, Weirdness & Mutations

You are too large for most types of armour.
You have tough skin. (AC +1)
You have sharp toenails.
Potions are less effective at restoring your health.


Message History

The orc priest hits you with a hand axe.
* * * LOW HITPOINT WARNING * * *
The giant cockroach bites you but does no damage.
Unknown command.
It was a potion of mutation.
You feel extremely strange.
Your system partially rejects the healing effects of potions.
Your toenails lengthen and sharpen.
The giant cockroach bites you but does no damage.
The adder zombie barely misses you. The orc priest closely misses you.
The orc priest looks encouraged for a moment.
The iguana bites you!
* * * LOW HITPOINT WARNING * * *
The giant cockroach bites you.
* * * LOW HITPOINT WARNING * * *
The adder zombie bites you but does no damage.
Unknown command.
It was a potion of agility.
You feel agile all of a sudden.
The orc priest hits you with a hand axe.
You die...

##........##
##..........#
##...........####
.....!./.......#
#.......<.....#
#..........# .#
.####........##...
....#....l.?...#
.....o..@o.....##.
.......Zso........
........o.........
...........(......
........$.........
..................
..................
....#.............
######.......>...#


You could see an iguana, 2 orc priests, an orc wizard, an orc, an adder zombie
and a giant cockroach.

Vanquished Creatures
  4 gnolls
  4 adders
  An ooze (D:1)
  5 worms (D:2)
  A dart slug (D:1)
  2 leopard geckos (D:1)
  2 ball pythons (D:1)
  2 giant cockroaches
  9 goblins
  5 hobgoblins
  4 jackals
  7 kobolds
  A quokka (D:2)
  7 bats
  3 frilled lizards
  6 rats
63 creatures vanquished.

Notes
Turn   | Place    | Note
-------+----------+-------------------------------------------
     0 | D:1      | tsouns the Ogre Venom Mage began the quest for the Orb.
     0 | D:1      | Reached XP level 1. HP: 16/16 MP: 3/3
    31 | D:1      | Reached skill level 1 in Conjurations
   276 | D:1      | Reached XP level 2. HP: 23/24 MP: 0/5
   674 | D:1      | Learned a level 2 spell: Poisonous Vapours
   704 | D:1      | Reached XP level 3. HP: 31/31 MP: 0/7
  1023 | D:1      | Reached skill level 1 in Maces & Flails
  1349 | D:2      | Reached XP level 4. HP: 39/39 MP: 4/8
  1406 | D:2      | Reached skill level 1 in Air Magic
  1682 | D:1      | Reached skill level 1 in Fighting
  2231 | D:2      | Reached XP level 5. HP: 45/49 MP: 6/9
  2360 | D:2      | Found an ancient bone altar of Kikubaaqudgha.
  2573 | D:3      | Noticed Grinder
  2579 | D:3      | You fall through a shaft for 3 floors!
  2580 | D:6      | Noticed Sigmund
  2588 | D:6      | Gained mutation: Potions are less effective at restoring your health. [potion of mutation]
  2588 | D:6      | Gained mutation: You have sharp toenails. [potion of mutation]
  2588 | D:6      | HP: 2/49 [giant cockroach (1)]
  2589 | D:6      | Slain by an orc priest

Skill      XL: |  1  2  3  4  5 |
---------------+----------------+-----
Conjurations   | 1 |  1.5
Poison Magic   | 3 |  3.2
Maces & Flails | 1 2 |  2.0
Spellcasting   | 3 |  3.2
Air Magic      | 1 |  1.5
Fighting       | 1 2 |  2.2
Dodging        | |  1.7
Stealth        | |  1.4

Action                   |  1- 3 |  4- 6 || total
-------------------------+-------+-------++-------
Melee: Unarmed           |     7 |       ||     7
       Mace              |    27 |     8 ||    35
       Flail             |       |    49 ||    49
 Cast: Sting             |    31 |     1 ||    32
       Poisonous Vapours |    11 |    43 ||    54
  Use: Scroll            |     5 |       ||     5
       Potion            |       |     2 ||     2
  Eat: Chunk             |     2 |     6 ||     8
Armor: Robe              |    13 |    19 ||    32
Dodge: Dodged            |    37 |    40 ||    77
